 Dungeon Crawl Stone Soup version 0.18-a0-705-g580043c (webtiles) character file.

32 4thArraOfDagon the Sneak (level 3, 0/28 HPs)
             Began as a Naga Air Elementalist on Dec 7, 2015.
             Slain by Terence
             ... wielding a +6 hand axe of flaming
              (1 damage)
             ... on level 2 of the Dungeon.
             The game lasted 00:01:31 (172 turns).

4thArraOfDagon the Sneak (Naga Air Elementalist)     Turns: 172, Time: 00:01:31

Health: 0/28       AC:  2    Str: 15    XL:     3   Next: 25%
Magic:  4/6        EV: 10    Int: 16    God:
Gold:   23         SH:  0    Dex: 11    Spells: 2 memorised, 3 levels left

rFire  . . .     SeeInvis +     (no weapon)
rCold  . . .     Clarity  .     a - +0 robe
rNeg   + . .     SustAt   .     (no shield)
rPois  +         Gourm    .     (no helmet)
rElec  .         Spirit   .     (no cloak)
rCorr  .         Dismiss  .     (no gloves)
rMut   .         Stasis   .     (no barding)
MR     .....                    (no amulet)
Stlth  ++........               (no ring)
                                e - ring of positive energy

@: mighty, very slow, not resistant to hostile enchantments, unstealthy
A: see invisible, deformed body, poison resistance, slowness 2, slow metabolism
1, spit poison 2, AC +1
a: Spit Poison


You were on level 2 of the Dungeon.
You were not hungry.

You visited 1 branch of the dungeon, and saw 2 of its levels.

You collected 23 gold pieces.

Inventory:

Armour
 a - a +0 robe (worn)
Jewellery
 e - a ring of positive energy (left hand)
Scrolls
 f - a scroll of identify {unknown}
Books
 b - a book of Air

   Spells                             Type                      Level
   a - Shock                          Conjuration/Air              1
   b - Swiftness                      Charms/Air                   2
   c - Repel Missiles                 Charms/Air                   2
   d - Static Discharge               Conjuration/Air              3
   e - Lightning Bolt                 Conjuration/Air              5
 h - a book of Party Tricks

   Spells                             Type                      Level
   a - Summon Butterflies             Summoning                    1
   b - Apportation                    Translocation                1
   c - Tukima's Dance                 Hexes                        3
   d - Alistair's Intoxication        Transmutation/Poison         4
   e - Invisibility                   Hexes                        6
Comestibles
 c - a bread ration
 g - a chunk of flesh


   Skills:
 + Level 0.2 Fighting
 - Level 1.5 Dodging
 - Level 3.0 Stealth
 - Level 2.0 Spellcasting
 - Level 3.0 Conjurations
 - Level 3.0 Air Magic


You had 3 spell levels left.
You knew the following spells:

 Your Spells              Type           Power        Failure   Level  Hunger
a - Shock                 Conj/Air       ##..         8%          1    #......
b - Repel Missiles        Chrm/Air       #.....       17%         2    ###....


Dungeon Overview and Level Annotations

Branches:
Dungeon (2/15)

Altars:

Annotations:
D:2 Terence


Innate Abilities, Weirdness & Mutations

You cannot wear boots.
Your serpentine skin is tough (AC +1).
You have supernaturally acute eyesight.
Armour fits poorly on your strangely shaped body.
Your system is resistant to poisons.
You cover ground very slowly.
You have a slow metabolism.
You can spit poison.


Message History

Press: ? - help, Shift-Dir - straight line, p - Terence The zap hits Terence.
Terence is moderately wounded.
The zap hits Terence.
Terence is heavily wounded.
You have got your breath back.
Terence hits you with a hand axe of flaming.
Terence burns you.
Casting: Shock
Confirm with . or Enter, or press ? or * to list all spells.
Aiming: Shock
Press: ? - help, Shift-Dir - straight line The zap hits Terence.
Terence appears unharmed.
Terence is heavily wounded.
The zap hits Terence.
Terence is heavily wounded.
Terence hits you with a hand axe of flaming!
* * * LOW HITPOINT WARNING * * *
Terence burns you.
You die...

#.# #######.#
........# ........#
........#
$.......#######
........#.....#
####.#.#@....#
.......>@.....#
#####.###.....# #.
#.....# # #.....#
###.....#
........>#########
#.......†.........#
########...######.#


You could see Terence.

Vanquished Creatures
  Ijyb (D:2)
  A ball python (D:2)
  A goblin (D:2)
  A hobgoblin (D:2)
  A quokka (D:2)
  A bat (D:2)
  A kobold (D:2)
7 creatures vanquished.

Notes
Turn   | Place    | Note
--------------------------------------------------------------
     0 | D:1      | 4thArraOfDagon the Naga Air Elementalist began the quest for the Orb.
     0 | D:1      | Reached XP level 1. HP: 15/15 MP: 3/3
   110 | D:2      | Noticed Ijyb
   123 | D:2      | Killed Ijyb
   123 | D:2      | Reached XP level 2. HP: 19/22 MP: 0/5
   123 | D:2      | Reached XP level 3. HP: 24/28 MP: 0/6
   127 | D:2      | Learned a level 2 spell: Repel Missiles
   166 | D:2      | Noticed Terence
   167 | D:2      | uhhh
   172 | D:2      | HP: 1/28 [Terence/hand axe of flaming (8)]
   172 | D:2      | Slain by Terence

Vault maps used:
D:1:      ldierk_walled_garden
D:2:      johnstein_pakellas_dig, uniq_iyjb, uniq_terence

Action                   || total
-------------------------++-------
Melee: Unarmed           ||     9
 Cast: Shock             ||     6
 Abil: Spit Poison       ||    10
  Use: Potion            ||     1
